cohdb
Replays
Latest Replays
All Replays
Popular Replays
Top Player Replays
Match Explorer
How It Works
Community
CoH3 Stats
Reddit
Sign in to upload your games and track your stats! →
Sign in with Steam
Match 42642767
Unlisted
Match 42642767
Overview
Messages
Build Orders
End
Kradschützen Motorcycle Team
Panzerpioneer Squad
Panzerpioneer Squad
250 Light Carrier
Panzerpioneer Squad
Construct Light Support Kompanie
Combat Half-tracks
Selects Panzerjäger Kommand Battlegroup
Selects GrB 39 Grenade Launcher Requisition
250 Light Carrier
Panzerjäger Mechanized Group
Selects Mine Fields
Selects Defensive Positions
Panzergrenadier Squad
Panzerpioneer Squad
Fire Support Elements
2.5-tonne Medical Truck
jooooooohn
Onoyk
0
0
Comments
sign in to comment!
No comments posted yet!